 Dungeon Crawl Stone Soup version 0.21-a0-633-g4c047d5f35 (webtiles) character file.

905 zaRGo the Chopper (level 8, -6/54 HPs)
             Began as a Halfling Berserker on Dec 28, 2017.
             Was a Priest of Trog.
             Killed by nerve-wracking pain
             ... invoked by an orc priest
              (14 damage)
             ... on level 5 of the Dungeon.
             The game lasted 00:27:24 (5752 turns).

zaRGo the Chopper (Halfling Berserker)              Turns: 5752, Time: 00:27:25

Health: -6/54      AC: 19    Str: 19    XL:     8   Next: 29%
Magic:  8/8        EV: 10    Int:  5    God:    Trog [***...]
Gold:   147        SH:  0    Dex: 15    Spells: 7/7 levels left

rFire    . . .     SeeInvis .   a - -1 war axe
rCold    . . .     Gourm    +   (shield restricted)
rNeg     . . .     Faith    .   j - +0 plate armour
rPois    +         Spirit   .   (no helmet)
rElec    .         Reflect  .   s - +0 cloak
rCorr    .         Harm     .   q - +2 pair of gloves
MR       .....                  d - +2 pair of boots
Stlth    ..........             i - amulet of the gourmand
HPRegen  0.18/turn              e - ring of poison resistance
MPRegen  0.11/turn              (no ring)

@: no status effects
A: small, mutation resistance 1
a: Berserk, Trog's Hand, Burn Spellbooks, Renounce Religion


You were on level 5 of the Dungeon.
You worshipped Trog.
Trog was most pleased with you.
You were full.

You visited 2 branches of the dungeon, and saw 6 of its levels.

You collected 147 gold pieces.

Inventory:

Hand Weapons
 a - a -1 war axe (weapon)
 h - a +0 mace
Missiles
 o - 140 stones (quivered)
Armour
 d - a +2 pair of boots (worn)
 j - a +0 plate armour (worn)
 q - a +2 pair of gloves (worn)
 s - a +0 cloak (worn)
Jewellery
 e - a ring of poison resistance (left hand)
 i - an amulet of the gourmand (around neck)
 B - a +3 ring of intelligence {unknown}
Wands
 w - a wand of scattershot (7)
 E - a wand of clouds (8)
Scrolls
 f - a scroll of remove curse
 y - a scroll of teleportation {unknown}
Potions
 b - a potion of curing {unknown}
 g - a potion of lignification {unknown}
 l - a potion of experience {unknown}
 C - a potion of flight {unknown}
Comestibles
 c - 6 rations


   Skills:
 + Level 4.5 Fighting
 * Level 6.3 Axes
 + Level 4.8 Armour
 + Level 4.8 Dodging


You had 7 spell levels left.
You didn't know any spells.

Dungeon Overview and Level Annotations

Branches:
Dungeon (5/15)             Temple (1/1) D:4

Altars:
Ashenzari
Cheibriados
Dithmenos
Elyvilon
Fedhas
Gozag
Hepliaklqana
Kikubaaqudgha
Makhleb
Nemelex Xobeh
Okawaru
Qazlal
Trog
Wu Jian
Xom
Yredelemnul
Zin
The Shining One

Annotations:
D:2 2 exclusions


Innate Abilities, Weirdness & Mutations

You are small and have problems with some larger weapons.
You are somewhat resistant to further mutation.


Message History

The orc closely misses you.
You slash the orc!
You kill the orc!
Trog accepts your kill.
You hit the orc priest.
The orc priest is lightly wounded.
The orc priest closely misses you.
You slash the orc priest!
You kill the orc priest!
Trog accepts your kill.
The orc priest hits you but does no damage.
You closely miss the orc priest.
The orc priest calls down the wrath of Beogh upon you.
Beogh smites you!
* * * LOW HITPOINT WARNING * * *
You slash the orc priest!
The orc priest is almost dead.
The orc priest mumbles some strange prayers to Beogh against you.
Pain shoots through your body!
You die...

## .. .# . .#
... .#
..!..#####§###
...§§.@oo#..#
...######§#.#
#.#.## #o...##
#.....#
#..........
#o.........
##.#.......#..
....>.......#


You could see an orc priest and an orc.

Vanquished Creatures
  A phantom (D:4)
  An ogre (D:5)
  A centaur (D:5)
  Blork the orc (D:4)
  2 scorpions
  The ghost of 4tharraofdagon the Ducker, a weakling SpAK of Lugonu (D:5)
  2 centaur skeletons (D:4)
  4 orc priests
  An orc wizard (D:4)
  An iguana (D:4)
  Terence (D:2)
  Ijyb (D:3)
  6 adders
  3 gnolls (D:2)
  An adder skeleton (D:5)
  2 worms
  2 dart slugs
  2 leopard geckos (D:2)
  9 orcs
  3 ball pythons
  9 bats
  7 giant cockroaches
  6 hobgoblins
  7 jackals
  A quokka (D:3)
  3 frilled lizards
  7 goblins
  6 kobolds
  3 rats (D:2)
94 creatures vanquished.

Notes
Turn   | Place    | Note
-------+----------+-------------------------------------------
     0 | D:1      | zaRGo the Halfling Berserker began the quest for the Orb.
     0 | D:1      | Reached XP level 1. HP: 15/15 MP: 1/1
   217 | D:1      | Reached XP level 2. HP: 18/20 MP: 2/2
   815 | D:1      | Reached XP level 3. HP: 24/25 MP: 3/3
  1193 | D:2      | Reached XP level 4. HP: 31/31 MP: 4/4
  1206 | D:2      | Reached ** piety under Trog
  1589 | D:2      | Reached skill level 4 in Axes
  1589 | D:2      | Reached XP level 5. HP: 7/36 MP: 5/5
  1863 | D:2      | Noticed Terence
  1870 | D:2      | Killed Terence
  2105 | D:2      | Found a glowing silver altar of Zin.
  2727 | D:3      | Found a snail-covered altar of Cheibriados.
  2728 | D:3      | Noticed Ijyb
  2731 | D:3      | Killed Ijyb
  2944 | D:3      | Reached XP level 6. HP: 42/42 MP: 6/6
  3931 | D:4      | Found a staircase to the Ecumenical Temple.
  3940 | Temple   | Entered the Ecumenical Temple
  4141 | D:4      | Noticed a phantom
  4180 | D:4      | Reached skill level 5 in Axes
  4432 | D:4      | Reached XP level 7. HP: 47/47 MP: 7/7
  4963 | D:5      | Entered Level 5 of the Dungeon
  5004 | D:5      | Found an iron altar of Okawaru.
  5122 | D:5      | Reached skill level 6 in Axes
  5122 | D:5      | Reached XP level 8. HP: 54/54 MP: 8/8
  5123 | D:5      | Noticed Blork the orc
  5123 | D:5      | Noticed 4tharraofdagon's ghost (weakling SpAK)
  5293 | D:4      | Killed Blork the orc
  5293 | D:4      | Reached *** piety under Trog
  5731 | D:5      | Killed 4tharraofdagon's ghost
  5752 | D:5      | Killed from afar by an orc priest

Vault maps used:
D:1:      minmay_arrival_doors
D:2:      nicolae_overflow_hidden_temple, first_ration, uniq_terence
D:3:      old_standard_altar, minmay_tree_intersection, uniq_ijyb
D:4:      minmay_temple_entry_mist
D:5:      led_sif_pool, nicolae_overflow_crystal_walls, minitemple,
          kennysheep_small_square, uniq_blork_the_orc
Temple:   regret_index_temple_generic_petals

Skill      XL: |  1  2  3  4  5  6  7 |
---------------+----------------------+-----
Fighting       | 3 4 |  4.5
Dodging        | 3 4 |  4.8
Axes           | 4 5 6 |  6.3
Armour         | 3 4 |  4.8

Action                   |  1- 3 |  4- 6 |  7- 9 || total
-------------------------+-------+-------+-------++-------
Melee: Hand axe          |   105 |   208 |       ||   313
       War axe           |       |    10 |   150 ||   160
Throw: Stone             |    14 |    40 |     6 ||    60
Invok: Berserk           |     2 |     5 |     2 ||     9
  Use: Potion            |       |     1 |     3 ||     4
       Scroll            |       |     8 |     7 ||    15
  Eat: Chunk             |     2 |     9 |    10 ||    21
       Ration            |       |     2 |     1 ||     3
Armor: Leather armour    |     9 |       |       ||     9
       Animal skin       |     1 |       |       ||     1
       Ring mail         |    27 |    15 |       ||    42
       Plate armour      |       |    85 |    79 ||   164
Dodge: Dodged            |   110 |   119 |    57 ||   286

Table legend:
 A = Spawn XP
 B = Non-spawn XP
 C = Spawn XP percentage of total XP
 D = Spawn monster count
 E = Non-spawn monster count
 F = Spawn count percentage of total count
 G = Total turns spent on level
                    A         B        C        D         E        F      G
               +---------+---------+-------+---------+---------+-------+---------
         Total |       0 |    1293 |   0.0 |       0 |      94 |   0.0 |  5752
               +---------+---------+-------+---------+---------+-------+---------
           D:1 |       0 |      29 |   0.0 |       0 |      19 |   0.0 |   859
           D:2 |       0 |     159 |   0.0 |       0 |      27 |   0.0 |  1547
           D:3 |       0 |     129 |   0.0 |       0 |      20 |   0.0 |  1141
           D:4 |       0 |     551 |   0.0 |       0 |      15 |   0.0 |  1640
           D:5 |       0 |     425 |   0.0 |       0 |      13 |   0.0 |   374
               +---------+---------+-------+---------+---------+-------+---------
